 Dungeon Crawl Stone Soup version 0.28.0-47-ge53b351184 (webtiles) character file.

Game seed: 15401320550062686820

0 L33tCrusader the Shield-Bearer (level 1, 18/18 HPs)
             Began as a Formicid Fighter on Apr 26, 2022.
             Quit the game on level 1 of the Dungeon.
             The game lasted 00:01:18 (124 turns).

L33tCrusader the Shield-Bearer (Formicid Fighter)    Turns: 124, Time: 00:01:18

Health: 18/18      AC:  6    Str: 20    XL:     1   Next: 0%
Magic:  1/1        EV:  9    Int:  7    God:
Gold:   0          SH:  4    Dex: 10    Spells: 0/0 levels left

rFire   . . .      SeeInvis +   a - +0 flail
rCold   . . .      Faith    .   c - +0 buckler
rNeg    . . .      Spirit   .   b - +0 scale mail
rPois   .          Reflect  .   (helmet unavailable)
rElec   .          Harm     .   (no cloak)
rCorr   .          Rampage  .   (no gloves)
Will    .....                   (no boots)
Stlth   ..........              (no amulet)
HPRegen 0.06/turn               (no ring)
MPRegen 0.07/turn               (no ring)

@: no status effects
A: permanent stasis, dig shafts and tunnels, antennae 3, four strong arms
a: Dig, Shaft Self


You were on level 1 of the Dungeon.
You visited 1 branch of the dungeon, and saw 1 of its levels.

Inventory:

Hand Weapons
 a - a +0 flail (weapon)
Armour
 b - a +0 scale mail (worn)
 c - a +0 buckler (worn)
Potions
 d - a potion of might
 e - a potion of lignification {unknown}


   Skills:
 + Level 3.2 Fighting
 + Level 2.0 Maces & Flails
 + Level 3.2 Armour
 + Level 3.6 Shields


You couldn't memorise any spells.
You didn't know any spells.
Your spell library was empty.

Dungeon Overview and Level Annotations

Branches:
Dungeon (1/15)

Altars:


Innate Abilities, Weirdness & Mutations

You cannot be hasted, slowed, berserked, paralysed or teleported.
You can dig through walls and to a lower floor.
You have a pair of large antennae on your head. (SInv)
Your four strong arms can wield two-handed weapons with a shield.


Message History

The plant is lightly damaged.
You hit the plant but do no damage.
The plant is lightly damaged.
A nearby plant withers and dies.
Non-targeted abil: Dig
Press: ? - help, Q - select action, (/) - cycle Dir - look around, f - activate You extend your mandibles.
Non-targeted abil: Dig
Press: ? - help, Q - select action, (/) - cycle Dir - look around, f - activate You retract your mandibles.
Non-targeted abil: Dig
Press: ? - help, Q - select action, (/) - cycle Dir - look around, f - activate You extend your mandibles.
Non-targeted abil: Dig
Press: ? - help, Q - select action, (/) - cycle Dir - look around, f - activate You retract your mandibles.
Non-targeted abil: Dig
Press: ? - help, Q - select action, (/) - cycle Dir - look around, f - activate You extend your mandibles.
Okay, then.
You retract your mandibles.
Non-targeted abil: Dig
Press: ? - help, Q - select action, (/) - cycle Dir - look around, f - activate You extend your mandibles.
Are you sure you want to shaft yourself?
Okay, then.
You retract your mandibles.
Found a ring mail.
You see here a +0 ring mail.
You see here a +0 ring mail.
You enter the shallow water.
Moving in this stuff is going to be slow.
Found a stone staircase leading down.
e - a bubbling coppery potion A spectral goblin comes into view.
Found a faded altar of an unknown god.
A spectral goblin is nearby!
A spectral goblin is nearby!
A spectral goblin is nearby!
Are you sure you want to abandon this character and quit the game? (Confirm with "yes".)

♣♣≈♣♣♣.....## ♣
♣♣.....### ♣♣.....#
≈ ♣♣♣....#### ###
≈≈ ♣.....##
#.#+##.≈ ≈≈.
.♣....# #......#
≈≈Z.
...##.#####......#
≈≈.≈_ .##
#........>...#8≈≈#
###....##+##@≈##≈≈≈
#.....#...≈≈≈.≈..≈
#.....#.......###.
####........####.#
#.....#.##..# .#
#.#####.##..# # ..
#.##.... #.
#.#...#.# #
#.#.###.#


You could see a spectral goblin.

Vanquished Creatures (others)
  A plant (D:1)
1 creature vanquished.

Notes
Turn   | Place    | Note
-------+----------+-------------------------------------------
     0 | D:1      | L33tCrusader the Formicid Fighter began the quest for the
                  | Orb.
     0 | D:1      | Reached XP level 1. HP: 18/18 MP: 1/1
   123 | D:1      | Found a faded altar of an unknown god.
   124 | D:1      | Quit the game

Illustrated notes

Levels and vault maps discovered:
D:1:      kilobyte_arrival_exit_the_forest, layout_basic, serial_forest,
          infiniplex_forest_zigzag_2, infiniplex_forest_zigzag_1,
          infiniplex_forest_lined_room_2, infiniplex_forest_clump_tiny,
          infiniplex_forest_lined_room_2, infiniplex_forest_lined_room_2,
          infiniplex_forest_lined_room_2, serial_shops, shop,
          dreamdust_ecumenical_altar_drowned_temple

Action                   || total
-------------------------++-------
Melee: Flail             ||     3
 Abil: Dig               ||    10
